Pick #1

Connor Bedard
Pick #2

Leo Carlsson
Pick #3

Adam Fantilli
Pick #4

Matvei Michkov
Pick #5

David Reinbacher
Pick #6

William Smith
Pick #7

Zachary Benson
Pick #8

Ryan Leonard
Pick #9

Gabriel Perreault
Pick #10

Axel Sandin-Pellika
Pick #11

Daniil But
Pick #12

Dalibor Dvorsky
Pick #13

Quentin Musty
Pick #14

Brayden Yager
Pick #15

Dmitry Simashev
Pick #16

Colby Barlow
Pick #17

Andrew Cristall
Pick #18

Easton Cowan
Pick #19

Jacob Fowler
Pick #20

Oliver Moore
Pick #21

Oliver Bonk
Pick #22

Tom Willander
Pick #23

Calum Ritchie
Pick #24

Tanner Molendyk
Pick #25

Gavin Brindley
Pick #26

Nate Danielson
Pick #27

Pick #28

Pick #29

Pick #30

Pick #31

Pick #32

Pick #33

Pick #34

Pick #35

Pick #36

Pick #37

Pick #38

Pick #39

Pick #40

Pick #41

Pick #42

Pick #43

Pick #44

Pick #45

Pick #46

Pick #47

Pick #48

Pick #49

Pick #50

Pick #51

Pick #52

Pick #53

Pick #54

Pick #55

Pick #56

Pick #57

Pick #58

Pick #59

Pick #60

Pick #61

Pick #62

Pick #63

Pick #64

Pick #65

Pick #66

Pick #67

Pick #68

Pick #69

Pick #70

Pick #71

Pick #72

Pick #73

Pick #74

Pick #75

Pick #76

Pick #77

Pick #78

Pick #79

Pick #80

Pick #81

Pick #82

Pick #83

Pick #84

Pick #85

Pick #86

Pick #87

Pick #88

Pick #89

Pick #90

Pick #91

Pick #92

Pick #93

Pick #94

Pick #95

Pick #96

Pick #97

Pick #98

Pick #99

Pick #100

Pick #101

Pick #102

Pick #103

Pick #104

Pick #105

Pick #106

Pick #107

Pick #108

Pick #109

Pick #110

Pick #111

Pick #112

Pick #113

Pick #114

Pick #115

Pick #116

Pick #117

Pick #118

Pick #119

Pick #120

Pick #121

Pick #122

Pick #123

Pick #124

Pick #125

Pick #126

Pick #127

Pick #128

Pick #129

Pick #130

Full Scoreboard »»

Canucks vs Rangers

Created - December 5, 2023 at 19:45

Goals
1 2 3 T
Canucks 1 1 0 2
Rangers 0 0 0 0
Shots
1 2 3 T
Canucks 11 12 6 29
Rangers 7 7 10 24

GoalsPenalties
1st period
1. Canucks , Brayden Point 8 (Martin Necas 10, Ryan Nugent-Hopkins 5) at 1:50
Ryan Lomberg (NYR) for Interference (Minor) at 10:16
2nd period
2. Canucks , Mitch Marner 10 (Morgan Rielly 11, Samuel Girard 10) at 1:21
Adam Erne (NYR) for Tripping (Minor) at 13:02
Boone Jenner (VAN) for Roughing (Minor) at 16:47
3rd period
No Goal
J.J. Moser (VAN) for Tripping (Minor) at 7:22
Cody Glass (VAN) for High sticking (Minor) at 12:03
Jesse Puljujarvi (NYR) for Hooking (Minor) at 17:13
Goalie Stats
Jeremy Swayman (VAN), 24 saves from 24 shots - (1.000), W, 9-6-1, 60:00 minutes
Logan Thompson (NYR), 27 saves from 29 shots - (0.931), L, 3-7-1, 60:00 minutes
3 StarsOfficial
1 - Jeremy Swayman (VAN)
2 - Mitch Marner (VAN)
3 - Brayden Point (VAN)
Referees : Chris Schlenker and Trevor Hanson
Linesman : Steven Berry and Brian Mach
Game Note
Bowen Byram is injured at 13:52 of 1st period (Right Leg)
Finance
Level 1 -- Attendance: 6500 (100.00%) -- Ticket Income $747,500
Level 2 -- Attendance: 3847 (76.94%) -- Ticket Income $365,465
Level 3 -- Attendance: 3191 (91.17%) -- Ticket Income $223,370
Level 4 -- Attendance: 2006 (100.00%) -- Ticket Income $100,300
Luxury Box -- Attendance: 925 (92.50%) -- Ticket Income $185,000
Game was played at the Madison Square Garden.
Total Attendance: 16469 (91.46%)
Total Ticket Income: $1,621,635
Other Income: $405,409
Total Income: $2,027,044



Team Name Goals Shots Shots Attemp Shots Blocked PIM HIT PP PK FO%
Canucks 2295066130 / 3 (0%)048%
Rangers 0245166230 / 3 (0%)052%

Canucks
Player Name POS G A P +/- PIM HIT SHT SB MP PP MP PP SHT PK MP PK SHT FO% FOT
Alex NewhookC000000008:132:2601:13050% 2
Boone JennerC0001211020:533:3102:10033% 3
Bowen ByramD000000015:270:4500:0000% 0
Brayden PointC1011003120:053:0800:00038% 16
Cody GlassC000020207:070:0002:34067% 6
Conor GarlandRW0000002011:220:0000:000100% 1
J.J. MoserD0001212022:502:4421:3300% 0
Jason ZuckerLW000000106:371:2400:390100% 1
Jordan SpenceD0000010120:030:4403:0700% 0
Kevin HayesC0001001015:130:0000:00052% 25
Marcus JohanssonLW0000000014:120:0002:5000% 0
Martin NecasC0111001019:482:5100:0000% 1
Mathew BarzalC0000022013:041:4200:00045% 11
Mitch MarnerC/LW/RW1011039121:123:3112:28057% 7
Morgan RiellyD0111030025:431:4403:0000% 0
Ryan Nugent-HopkinsC0111012119:232:2600:0000% 2
Samuel GirardD0112012125:212:0513:0300% 0
Ty SmithD0000001017:270:4411:1100% 0
Rangers
Player Name POS G A P +/- PIM HIT SHT SB MP PP MP PP SHT PK MP PK SHT FO% FOT
Adam ErneLW000022209:420:3600:0000% 1
Anthony BeauvillierLW0000012019:452:4200:00067% 3
Artem ZubD0000021013:111:1600:1600% 0
Caleb JonesD0000000218:053:5102:5600% 0
Casey MittelstadtC0000013019:452:4210:00054% 24
Eric RobinsonLW000-1000110:390:0003:0000% 1
Jack QuinnRW000-1011116:562:3910:0000% 0
Jesse PuljujarviRW0000220018:101:0800:0000% 1
Juuso ParssinenC000-1012016:562:3900:00067% 18
Kent JohnsonC0000002014:142:1002:5700% 1
Luke KuninC000-1001010:360:0002:57033% 9
Luke SchennD000-1030120:440:0000:0000% 0
Mario FerraroD000-1021021:332:0612:5100% 0
Martin FehervaryD000-1020024:391:2603:0100% 0
Nick BoninoC0000003112:430:3603:00060% 15
Riley StillmanD000-1031021:483:1512:5000% 0
Ryan LombergLW000-123207:380:0000:0000% 2
Yegor ChinakhovRW000-1003016:562:3900:0000% 0



Play-by-Play

1st period


0:01 of 1st period - Kevin Hayes wins face-off versus Casey Mittelstadt in neutral zone.
0:06 of 1st period - Shot by Mitch Marner.
0:06 of 1st period - Stopped by Logan Thompson with a rebound.
0:24 of 1st period - Shot by Casey Mittelstadt.
0:24 of 1st period - Shot Misses the Net.
0:26 of 1st period - Shot by Jesse Puljujarvi.
0:26 of 1st period - Shot Misses the Net.
0:28 of 1st period - Shot by Anthony Beauvillier.
0:28 of 1st period - Shot Misses the Net.
0:44 of 1st period - Shot by Casey Mittelstadt.
0:44 of 1st period - Shot Misses the Net.
0:51 of 1st period - Icing by Bowen Byram.
0:52 of 1st period - Juuso Parssinen wins face-off versus Kevin Hayes in Canucks zone.
1:05 of 1st period - Shot by Riley Stillman.
1:05 of 1st period - Shot Blocked by Bowen Byram.
1:32 of 1st period - Shot by Brayden Point.
1:32 of 1st period - Shot Blocked by Jack Quinn.
1:48 of 1st period - Shot by Martin Necas.
1:48 of 1st period - Shot Misses the Net.
1:50 of 1st period - Shot by Brayden Point.
1:50 of 1st period - Goal by Brayden Point - Canucks : 1 - Rangers : 0.
1:51 of 1st period - Mathew Barzal wins face-off versus Kent Johnson in neutral zone.
2:14 of 1st period - Shot by Conor Garland.
2:14 of 1st period - Stopped by Logan Thompson without a rebound.
2:15 of 1st period - Cody Glass wins face-off versus Luke Kunin in Rangers zone.
2:24 of 1st period - Shot by Cody Glass.
2:24 of 1st period - Stopped by Logan Thompson without a rebound.
2:25 of 1st period - Casey Mittelstadt wins face-off versus Brayden Point in Rangers zone.
2:46 of 1st period - Shot by Ryan Nugent-Hopkins.
2:46 of 1st period - Shot Misses the Net.
3:29 of 1st period - Shot by Conor Garland.
3:29 of 1st period - Shot Misses the Net.
3:47 of 1st period - Shot by Ryan Lomberg.
3:47 of 1st period - Stopped by Jeremy Swayman without a rebound.
3:48 of 1st period - Cody Glass wins face-off versus Nick Bonino in Canucks zone.
3:56 of 1st period - Kent Johnson is hit by Morgan Rielly and loses puck.
4:05 of 1st period - Shot by Nick Bonino.
4:05 of 1st period - Stopped by Jeremy Swayman without a rebound.
4:06 of 1st period - Juuso Parssinen wins face-off versus Kevin Hayes in Canucks zone.
4:07 of 1st period - Shot by Yegor Chinakhov.
4:07 of 1st period - Stopped by Jeremy Swayman without a rebound.
4:08 of 1st period - Juuso Parssinen wins face-off versus Kevin Hayes in Canucks zone.
4:11 of 1st period - Shot by Juuso Parssinen.
4:11 of 1st period - Shot Misses the Net.
4:48 of 1st period - Morgan Rielly is hit by Jack Quinn.
5:05 of 1st period - Morgan Rielly is hit by Mario Ferraro and loses puck.
5:22 of 1st period - Shot by Nick Bonino.
5:22 of 1st period - Stopped by Jeremy Swayman without a rebound.
5:23 of 1st period - Mathew Barzal wins face-off versus Ryan Lomberg in Canucks zone.
5:23 of 1st period - Mathew Barzal is hit by Ryan Lomberg.
5:31 of 1st period - Shot by Mathew Barzal.
5:31 of 1st period - Stopped by Logan Thompson without a rebound.
5:32 of 1st period - Casey Mittelstadt wins face-off versus Brayden Point in Rangers zone.
5:39 of 1st period - Shot by Jesse Puljujarvi.
5:39 of 1st period - Shot Misses the Net.
5:47 of 1st period - Shot by Brayden Point.
5:47 of 1st period - Stopped by Logan Thompson with a rebound.
7:03 of 1st period - Shot by Conor Garland.
7:03 of 1st period - Stopped by Logan Thompson without a rebound.
7:04 of 1st period - Kevin Hayes wins face-off versus Adam Erne in Rangers zone.
7:44 of 1st period - Shot by Nick Bonino.
7:44 of 1st period - Shot Misses the Net.
9:15 of 1st period - Off-side.
9:16 of 1st period - Casey Mittelstadt wins face-off versus Cody Glass in neutral zone.
10:01 of 1st period - Bowen Byram is hit by Ryan Lomberg and loses puck.
10:16 of 1st period - Minor Penalty to Ryan Lomberg for Interference.
10:17 of 1st period - Luke Kunin wins face-off versus Mitch Marner in Rangers zone.
11:12 of 1st period - Shot by Samuel Girard.
11:12 of 1st period - Stopped by Logan Thompson without a rebound.
11:13 of 1st period - Luke Kunin wins face-off versus Mitch Marner in Rangers zone.
11:20 of 1st period - Icing by Boone Jenner.
11:21 of 1st period - Mitch Marner wins face-off versus Nick Bonino in Canucks zone.
12:55 of 1st period - Shot by Yegor Chinakhov.
12:55 of 1st period - Shot Misses the Net.
13:11 of 1st period - Shot by Anthony Beauvillier.
13:11 of 1st period - Stopped by Jeremy Swayman with a rebound.
13:37 of 1st period - Shot by Mitch Marner.
13:37 of 1st period - Stopped by Logan Thompson without a rebound.
13:38 of 1st period - Nick Bonino wins face-off versus Cody Glass in Rangers zone.
13:51 of 1st period - Bowen Byram is hit by Adam Erne.
13:52 of 1st period - Bowen Byram from Canucks is injured at 13:52 of 1st period (Right Leg).
13:53 of 1st period - Kevin Hayes wins face-off versus Luke Kunin in Canucks zone.
14:10 of 1st period - Shot by Ryan Lomberg.
14:10 of 1st period - Stopped by Jeremy Swayman with a rebound.
14:50 of 1st period - Kevin Hayes is hit by Juuso Parssinen and loses puck.
14:54 of 1st period - Off-side.
14:55 of 1st period - Brayden Point wins face-off versus Juuso Parssinen in neutral zone.
15:33 of 1st period - Shot by Martin Necas.
15:33 of 1st period - Stopped by Logan Thompson without a rebound.
15:34 of 1st period - Casey Mittelstadt wins face-off versus Mathew Barzal in Rangers zone.
15:40 of 1st period - Off-side.
15:41 of 1st period - Conor Garland wins face-off versus Casey Mittelstadt in neutral zone.
15:45 of 1st period - Off-side.
15:46 of 1st period - Casey Mittelstadt wins face-off versus Kevin Hayes in neutral zone.
15:51 of 1st period - Shot by Anthony Beauvillier.
15:51 of 1st period - Stopped by Jeremy Swayman without a rebound.
15:52 of 1st period - Brayden Point wins face-off versus Casey Mittelstadt in Canucks zone.
15:52 of 1st period - Brayden Point is hit by Jesse Puljujarvi.
16:24 of 1st period - Shot by Ryan Nugent-Hopkins.
16:24 of 1st period - Deflect By Brayden Point.
16:24 of 1st period - Stopped by Logan Thompson without a rebound.
16:25 of 1st period - Nick Bonino wins face-off versus Kevin Hayes in Rangers zone.
16:31 of 1st period - Jordan Spence is hit by Riley Stillman and loses puck.
17:09 of 1st period - Boone Jenner is hit by Mario Ferraro and loses puck.
17:45 of 1st period - Brayden Point is hit by Riley Stillman and loses puck.
18:15 of 1st period - Off-side.
18:16 of 1st period - Juuso Parssinen wins face-off versus Mathew Barzal in neutral zone.
18:38 of 1st period - Juuso Parssinen is hit by Morgan Rielly and loses puck.
19:00 of 1st period - Shot by Juuso Parssinen.
19:00 of 1st period - Shot Misses the Net.
19:11 of 1st period - Off-side.
19:12 of 1st period - Casey Mittelstadt wins face-off versus Kevin Hayes in neutral zone.
19:42 of 1st period - Shot by Jesse Puljujarvi.
19:42 of 1st period - Shot Blocked by Mitch Marner.
19:56 of 1st period - Jordan Spence is hit by Jesse Puljujarvi.
Goals for this period are 1 for Canucks vs 0 for Rangers.
Shots for this period are 11 for Canucks vs 7 for Rangers.

2nd period


0:01 of 2nd period - Juuso Parssinen wins face-off versus Ryan Nugent-Hopkins in neutral zone.
0:27 of 2nd period - Shot by Ryan Nugent-Hopkins.
0:27 of 2nd period - Stopped by Logan Thompson without a rebound.
0:28 of 2nd period - Anthony Beauvillier wins face-off versus Kevin Hayes in Rangers zone.
0:28 of 2nd period - Anthony Beauvillier is hit by Mitch Marner.
0:47 of 2nd period - Icing by Morgan Rielly.
0:48 of 2nd period - Kevin Hayes wins face-off versus Luke Kunin in Canucks zone.
1:21 of 2nd period - Shot by Mitch Marner.
1:21 of 2nd period - Goal by Mitch Marner - Canucks : 2 - Rangers : 0.
1:22 of 2nd period - Brayden Point wins face-off versus Juuso Parssinen in neutral zone.
1:56 of 2nd period - Shot by Brayden Point.
1:56 of 2nd period - Deflect By Ryan Nugent-Hopkins.
1:56 of 2nd period - Stopped by Logan Thompson without a rebound.
1:57 of 2nd period - Casey Mittelstadt wins face-off versus Mathew Barzal in Rangers zone.
2:04 of 2nd period - Shot by Marcus Johansson.
2:04 of 2nd period - Shot Misses the Net.
3:24 of 2nd period - Shot by Yegor Chinakhov.
3:24 of 2nd period - Stopped by Jeremy Swayman with a rebound.
3:26 of 2nd period - Shot by Yegor Chinakhov.
3:26 of 2nd period - Shot Misses the Net.
3:47 of 2nd period - Artem Zub is hit by Ryan Nugent-Hopkins and loses puck.
4:26 of 2nd period - Off-side.
4:27 of 2nd period - Nick Bonino wins face-off versus Mathew Barzal in neutral zone.
4:53 of 2nd period - Shot by Mathew Barzal.
4:53 of 2nd period - Stopped by Logan Thompson without a rebound.
4:54 of 2nd period - Kevin Hayes wins face-off versus Casey Mittelstadt in Rangers zone.
5:15 of 2nd period - Shot by Mitch Marner.
5:15 of 2nd period - Stopped by Logan Thompson without a rebound.
5:16 of 2nd period - Juuso Parssinen wins face-off versus Brayden Point in Rangers zone.
6:42 of 2nd period - Shot by Mitch Marner.
6:42 of 2nd period - Deflect By Boone Jenner.
6:42 of 2nd period - Stopped by Logan Thompson without a rebound.
6:43 of 2nd period - Jason Zucker wins face-off versus Casey Mittelstadt in Rangers zone.
7:02 of 2nd period - Shot by Morgan Rielly.
7:02 of 2nd period - Shot Blocked by Luke Schenn.
7:16 of 2nd period - Shot by Jason Zucker.
7:16 of 2nd period - Stopped by Logan Thompson without a rebound.
7:17 of 2nd period - Nick Bonino wins face-off versus Brayden Point in Rangers zone.
7:24 of 2nd period - Shot by Adam Erne.
7:24 of 2nd period - Stopped by Jeremy Swayman without a rebound.
7:25 of 2nd period - Nick Bonino wins face-off versus Brayden Point in Canucks zone.
7:47 of 2nd period - Icing by Ty Smith.
7:48 of 2nd period - Casey Mittelstadt wins face-off versus Brayden Point in Canucks zone.
8:19 of 2nd period - Shot by Ryan Nugent-Hopkins.
8:19 of 2nd period - Shot Misses the Net.
8:38 of 2nd period - Icing by Mitch Marner.
8:39 of 2nd period - Kevin Hayes wins face-off versus Ryan Lomberg in Canucks zone.
8:39 of 2nd period - Kevin Hayes is hit by Ryan Lomberg.
9:07 of 2nd period - Shot by Kevin Hayes.
9:07 of 2nd period - Stopped by Logan Thompson without a rebound.
9:08 of 2nd period - Nick Bonino wins face-off versus Mathew Barzal in Rangers zone.
9:44 of 2nd period - Shot by Samuel Girard.
9:44 of 2nd period - Stopped by Logan Thompson without a rebound.
9:45 of 2nd period - Anthony Beauvillier wins face-off versus Brayden Point in Rangers zone.
10:13 of 2nd period - Icing by J.J. Moser.
10:14 of 2nd period - Juuso Parssinen wins face-off versus Brayden Point in Canucks zone.
10:19 of 2nd period - Shot by Jack Quinn.
10:19 of 2nd period - Shot Misses the Net.
10:21 of 2nd period - Shot by Juuso Parssinen.
10:21 of 2nd period - Stopped by Jeremy Swayman without a rebound.
10:22 of 2nd period - Kevin Hayes wins face-off versus Juuso Parssinen in Canucks zone.
11:00 of 2nd period - Shot by Mitch Marner.
11:00 of 2nd period - Stopped by Logan Thompson without a rebound.
11:01 of 2nd period - Casey Mittelstadt wins face-off versus Mathew Barzal in Rangers zone.
11:01 of 2nd period - Casey Mittelstadt is hit by Mathew Barzal.
11:40 of 2nd period - Shot by Jesse Puljujarvi.
11:40 of 2nd period - Shot Misses the Net.
11:42 of 2nd period - Shot by Casey Mittelstadt.
11:42 of 2nd period - Stopped by Jeremy Swayman with a rebound.
11:44 of 2nd period - Shot by Anthony Beauvillier.
11:44 of 2nd period - Shot Misses the Net.
11:58 of 2nd period - Shot by Luke Kunin.
11:58 of 2nd period - Stopped by Jeremy Swayman with a rebound.
12:56 of 2nd period - Icing by Morgan Rielly.
12:57 of 2nd period - Mathew Barzal wins face-off versus Nick Bonino in Canucks zone.
12:57 of 2nd period - Mathew Barzal is hit by Adam Erne.
13:02 of 2nd period - Minor Penalty to Adam Erne for Tripping.
13:03 of 2nd period - Mitch Marner wins face-off versus Nick Bonino in Rangers zone.
13:16 of 2nd period - Shot by Martin Necas.
13:16 of 2nd period - Shot Misses the Net.
13:34 of 2nd period - Shot by Kent Johnson.
13:34 of 2nd period - Shot Blocked by Brayden Point.
14:36 of 2nd period - Shot by Ty Smith.
14:36 of 2nd period - Stopped by Logan Thompson without a rebound.
14:37 of 2nd period - Luke Kunin wins face-off versus Martin Necas in Rangers zone.
14:37 of 2nd period - Luke Kunin is hit by Boone Jenner.
15:22 of 2nd period - Icing by Anthony Beauvillier.
15:23 of 2nd period - Casey Mittelstadt wins face-off versus Brayden Point in Rangers zone.
16:03 of 2nd period - Icing by Martin Fehervary.
16:04 of 2nd period - Kevin Hayes wins face-off versus Casey Mittelstadt in Rangers zone.
16:17 of 2nd period - Shot by Mitch Marner.
16:17 of 2nd period - Stopped by Logan Thompson with a rebound.
16:23 of 2nd period - Morgan Rielly is hit by Luke Schenn and loses puck.
16:47 of 2nd period - Minor Penalty to Boone Jenner for Roughing.
16:48 of 2nd period - Cody Glass wins face-off versus Juuso Parssinen in Canucks zone.
17:41 of 2nd period - Jordan Spence is hit by Casey Mittelstadt and loses puck.
18:18 of 2nd period - Shot by Jack Quinn.
18:18 of 2nd period - Shot Misses the Net.
18:20 of 2nd period - Shot by Riley Stillman.
18:20 of 2nd period - Stopped by Jeremy Swayman with a rebound.
18:22 of 2nd period - Shot by Caleb Jones.
18:22 of 2nd period - Deflect By Yegor Chinakhov.
18:22 of 2nd period - Shot Misses the Net.
18:34 of 2nd period - Shot by Jack Quinn.
18:34 of 2nd period - Stopped by Jeremy Swayman without a rebound.
18:35 of 2nd period - Alex Newhook wins face-off versus Casey Mittelstadt in Canucks zone.
Goals for this period are 1 for Canucks vs 0 for Rangers.
Shots for this period are 12 for Canucks vs 7 for Rangers.

3rd period


0:01 of 3rd period - Juuso Parssinen wins face-off versus Mitch Marner in neutral zone.
0:03 of 3rd period - Riley Stillman is hit by Mitch Marner and loses puck.
0:09 of 3rd period - Off-side.
0:10 of 3rd period - Brayden Point wins face-off versus Nick Bonino in neutral zone.
1:56 of 3rd period - Shot by Artem Zub.
1:56 of 3rd period - Shot Blocked by Samuel Girard.
1:58 of 3rd period - Shot by Casey Mittelstadt.
1:58 of 3rd period - Stopped by Jeremy Swayman with a rebound.
2:00 of 3rd period - Shot by Casey Mittelstadt.
2:00 of 3rd period - Shot Misses the Net.
2:06 of 3rd period - Shot by Jesse Puljujarvi.
2:06 of 3rd period - Shot Misses the Net.
2:08 of 3rd period - Shot by Artem Zub.
2:08 of 3rd period - Stopped by Jeremy Swayman without a rebound.
2:09 of 3rd period - Kevin Hayes wins face-off versus Luke Kunin in Canucks zone.
2:13 of 3rd period - Icing by Morgan Rielly.
2:14 of 3rd period - Nick Bonino wins face-off versus Kevin Hayes in Canucks zone.
2:17 of 3rd period - Shot by Kent Johnson.
2:17 of 3rd period - Stopped by Jeremy Swayman without a rebound.
2:18 of 3rd period - Kevin Hayes wins face-off versus Casey Mittelstadt in Canucks zone.
2:28 of 3rd period - Morgan Rielly is hit by Anthony Beauvillier and loses puck.
2:32 of 3rd period - Icing by Morgan Rielly.
2:33 of 3rd period - Juuso Parssinen wins face-off versus Kevin Hayes in Canucks zone.
2:55 of 3rd period - Mitch Marner is hit by Martin Fehervary and loses puck.
2:58 of 3rd period - Shot by Boone Jenner.
2:58 of 3rd period - Shot Misses the Net.
3:00 of 3rd period - Shot by Mitch Marner.
3:00 of 3rd period - Stopped by Logan Thompson without a rebound.
3:01 of 3rd period - Mathew Barzal wins face-off versus Casey Mittelstadt in Rangers zone.
3:01 of 3rd period - Morgan Rielly is hit by Riley Stillman and loses puck.
3:11 of 3rd period - Mario Ferraro is hit by J.J. Moser.
3:17 of 3rd period - Casey Mittelstadt is hit by Mathew Barzal and loses puck.
3:39 of 3rd period - Icing by Mario Ferraro.
3:40 of 3rd period - Casey Mittelstadt wins face-off versus Boone Jenner in Rangers zone.
3:48 of 3rd period - Icing by Jordan Spence.
3:49 of 3rd period - Kevin Hayes wins face-off versus Juuso Parssinen in Canucks zone.
4:00 of 3rd period - Shot by Mitch Marner.
4:00 of 3rd period - Stopped by Logan Thompson without a rebound.
4:01 of 3rd period - Nick Bonino wins face-off versus Brayden Point in Rangers zone.
4:13 of 3rd period - Shot by Kent Johnson.
4:13 of 3rd period - Stopped by Jeremy Swayman with a rebound.
4:15 of 3rd period - Shot by Nick Bonino.
4:15 of 3rd period - Shot Misses the Net.
4:17 of 3rd period - Shot by Nick Bonino.
4:17 of 3rd period - Deflect By Kent Johnson.
4:17 of 3rd period - Shot Blocked by Ryan Nugent-Hopkins.
4:29 of 3rd period - Shot by Nick Bonino.
4:29 of 3rd period - Shot Misses the Net.
4:31 of 3rd period - Shot by Nick Bonino.
4:31 of 3rd period - Stopped by Jeremy Swayman with a rebound.
4:33 of 3rd period - Shot by Adam Erne.
4:33 of 3rd period - Stopped by Jeremy Swayman without a rebound.
4:34 of 3rd period - Juuso Parssinen wins face-off versus Kevin Hayes in Canucks zone.
4:45 of 3rd period - Riley Stillman is hit by Mitch Marner.
4:53 of 3rd period - Shot by Mitch Marner.
4:53 of 3rd period - Deflect By Kevin Hayes.
4:53 of 3rd period - Shot Misses the Net.
4:59 of 3rd period - Shot by Mitch Marner.
4:59 of 3rd period - Deflect By Boone Jenner.
4:59 of 3rd period - Shot Misses the Net.
5:17 of 3rd period - Shot by Yegor Chinakhov.
5:17 of 3rd period - Stopped by Jeremy Swayman without a rebound.
5:18 of 3rd period - Brayden Point wins face-off versus Anthony Beauvillier in Canucks zone.
6:43 of 3rd period - Shot by Cody Glass.
6:43 of 3rd period - Shot Misses the Net.
6:46 of 3rd period - Icing by Martin Fehervary.
6:47 of 3rd period - Casey Mittelstadt wins face-off versus Kevin Hayes in Rangers zone.
7:10 of 3rd period - Yegor Chinakhov is hit by Morgan Rielly and loses puck.
7:22 of 3rd period - Minor Penalty to J.J. Moser for Tripping.
7:23 of 3rd period - Cody Glass wins face-off versus Juuso Parssinen in Canucks zone.
9:26 of 3rd period - Icing by Riley Stillman.
9:27 of 3rd period - Brayden Point wins face-off versus Luke Kunin in Rangers zone.
11:29 of 3rd period - Kevin Hayes is hit by Artem Zub and loses puck.
11:37 of 3rd period - Boone Jenner is hit by Artem Zub and loses puck.
12:03 of 3rd period - Minor Penalty to Cody Glass for High sticking.
12:04 of 3rd period - Boone Jenner wins face-off versus Jesse Puljujarvi in Canucks zone.
12:25 of 3rd period - Shot by Anthony Beauvillier.
12:25 of 3rd period - Deflect By Casey Mittelstadt.
12:25 of 3rd period - Shot Misses the Net.
12:35 of 3rd period - Shot by Casey Mittelstadt.
12:35 of 3rd period - Stopped by Jeremy Swayman without a rebound.
12:36 of 3rd period - Juuso Parssinen wins face-off versus Alex Newhook in Canucks zone.
12:46 of 3rd period - Jack Quinn is hit by Jordan Spence and loses puck.
12:55 of 3rd period - Shot by Mario Ferraro.
12:55 of 3rd period - Shot Misses the Net.
12:57 of 3rd period - Shot by Mario Ferraro.
12:57 of 3rd period - Shot Blocked by Jordan Spence.
12:59 of 3rd period - Shot by Mario Ferraro.
12:59 of 3rd period - Stopped by Jeremy Swayman without a rebound.
13:00 of 3rd period - Casey Mittelstadt wins face-off versus Boone Jenner in Canucks zone.
14:20 of 3rd period - Ryan Nugent-Hopkins is hit by Luke Schenn and loses puck.
14:29 of 3rd period - Shot by Ryan Nugent-Hopkins.
14:29 of 3rd period - Shot Misses the Net.
15:16 of 3rd period - Off-side.
15:17 of 3rd period - Mathew Barzal wins face-off versus Casey Mittelstadt in neutral zone.
16:39 of 3rd period - Shot by Juuso Parssinen.
16:39 of 3rd period - Stopped by Jeremy Swayman without a rebound.
16:40 of 3rd period - Kevin Hayes wins face-off versus Nick Bonino in Canucks zone.
16:54 of 3rd period - Icing by J.J. Moser.
16:55 of 3rd period - Kevin Hayes wins face-off versus Casey Mittelstadt in Canucks zone.
17:13 of 3rd period - Minor Penalty to Jesse Puljujarvi for Hooking.
17:14 of 3rd period - Mitch Marner wins face-off versus Luke Kunin in Rangers zone.
17:14 of 3rd period - Brayden Point is hit by Martin Fehervary and loses puck.
17:35 of 3rd period - Shot by Boone Jenner.
17:35 of 3rd period - Shot Misses the Net.
18:02 of 3rd period - Shot by Samuel Girard.
18:02 of 3rd period - Shot Misses the Net.
18:04 of 3rd period - Shot by J.J. Moser.
18:04 of 3rd period - Stopped by Logan Thompson with a rebound.
18:18 of 3rd period - Shot by Samuel Girard.
18:18 of 3rd period - Shot Blocked by Caleb Jones.
18:20 of 3rd period - Shot by Ryan Nugent-Hopkins.
18:20 of 3rd period - Deflect By Alex Newhook.
18:20 of 3rd period - Shot Blocked by Eric Robinson.
18:22 of 3rd period - Shot by Samuel Girard.
18:22 of 3rd period - Shot Blocked by Caleb Jones.
18:24 of 3rd period - Shot by J.J. Moser.
18:24 of 3rd period - Stopped by Logan Thompson without a rebound.
18:25 of 3rd period - Mitch Marner wins face-off versus Eric Robinson in Rangers zone.
18:47 of 3rd period - Shot by Boone Jenner.
18:47 of 3rd period - Deflect By Mitch Marner.
18:47 of 3rd period - Stopped by Logan Thompson without a rebound.
18:48 of 3rd period - Nick Bonino wins face-off versus Ryan Nugent-Hopkins in Rangers zone.
19:09 of 3rd period - Shot by Morgan Rielly.
19:09 of 3rd period - Shot Blocked by Nick Bonino.
19:11 of 3rd period - Shot by Brayden Point.
19:11 of 3rd period - Shot Misses the Net.
19:13 of 3rd period - Shot by Alex Newhook.
19:13 of 3rd period - Shot Hit the Post.
19:26 of 3rd period - Jason Zucker is hit by Luke Schenn and loses puck.
19:50 of 3rd period - Shot by Cody Glass.
19:50 of 3rd period - Stopped by Logan Thompson without a rebound.
19:51 of 3rd period - Juuso Parssinen wins face-off versus Kevin Hayes in Rangers zone.
19:57 of 3rd period - Caleb Jones is hit by Samuel Girard and loses puck.
Goals for this period are 0 for Canucks vs 0 for Rangers.
Shots for this period are 6 for Canucks vs 10 for Rangers.